 Dungeon Crawl Stone Soup version 0.30.0 (webtiles) character file.

Game seed: 6967519361680322460

2471 dialectric the Basher (level 9, -24/54 HPs)
             Began as a Gargoyle Delver on May 7, 2023.
             Was a Priest of Okawaru.
             Hit by a large rock thrown by a cyclops (29 damage)
             ... on level 8 of the Dungeon.
             The game lasted 00:20:32 (7515 turns).

dialectric the Basher (Gargoyle Delver)             Turns: 7515, Time: 00:20:33

Health: -24/54     AC: 18    Str: 20    XL:     9   Next: 51%
Magic:  0/9        EV:  8    Int: 11    God:    Okawaru [***...]
Gold:   330        SH:  0    Dex: 11    Spells: 8/8 levels left

rFire   . . .        A - +0 morningstar
rCold   . . .        (no shield)
rNeg    + . .        y - +0 chain mail
rPois   ∞            (helmet restricted)
rElec   +            (no cloak)
rCorr   .            m - +0 pair of gloves
SInv    .            h - +0 pair of boots
Will    .....        n - amulet of guardian spirit Stlth
                     (no ring)
HPRegen 0.29/turn    (no ring)
MPRegen 0.11/turn

%: guardian spirit
@: no status effects
A: sickness immunity, AC +6, negative energy resistance 1, electricity
resistance, torment resistance 1, petrification resistance, horns 1, talons 1,
wild magic 1
a: Renounce Religion, Heroism


You were on level 8 of the Dungeon.
You worshipped Okawaru.
Okawaru was most pleased with you.
You visited 2 branches of the dungeon, and saw 9 of its levels.
You also visited: Sewer.

You collected 330 gold pieces.

Inventory:

Hand Weapons
 a - a +0 mace
 x - a +1 flail
 A - a +0 morningstar (weapon)
Missiles
 I - 3 poisoned darts (quivered)
Armour
 h - a +0 pair of boots (worn)
 i - a +0 ring mail
 l - a +0 kite shield
 m - a +0 pair of gloves (worn)
 y - a +0 chain mail (worn)
 z - a +0 plate armour
 H - a +0 helmet
Jewellery
 b - a ring of ice
 n - an amulet of guardian spirit (around neck)
 q - a ring of positive energy
 D - a +4 ring of protection
Wands
 g - a wand of digging (2)
 o - a wand of polymorph (4)
Scrolls
 c - a scroll of fog
 d - a scroll of magic mapping
 j - a scroll of blinking
 s - 2 scrolls of enchant weapon
 t - 2 scrolls of identify
 v - 3 scrolls of enchant armour
 C - 3 scrolls of torment
 E - a scroll of poison {unknown}
Potions
 e - 2 potions of resistance
 f - 2 potions of haste
 p - 2 potions of degeneration
 r - a potion of invisibility
 u - a potion of brilliance {unknown}
 B - 2 potions of heal wounds {unknown}
 F - a potion of lignification {unknown}
 G - a potion of magic {unknown}


   Skills:
 - Level 5.1 Fighting
 + Level 11.1 Maces & Flails
 - Level 1.2 Throwing
 + Level 4.4 Armour
 - Level 2.0 Dodging
 - Level 5.4 Stealth
 + Level 0.4 Evocations


You had 8 spell levels left.
You didn't know any spells.
Your spell library contained the following spells:

 Spells                   Type           Power      Damage    Failure   Level
 Apportation              Tloc           0%         N/A       97%         1
 Kiss of Death            Conj/Necr      0%         2d5       97%         1
 Necrotise                Necr           0%         1d4       97%         1
 Sandblast                Erth           0%         2d4       97%         1
 Passwall                 Tmut/Erth      0%         N/A       99%         2
 Confusing Touch          Hex            0%         N/A       100%        3
 Stone Arrow              Conj/Erth      0%         3d7       100%        3
 Vhi's Electric Charge    Tloc/Air       0%         N/A       100%        3
 Dispel Undead            Necr           0%         3d6       100%        4
 Arcjolt                  Conj/Air       0%         1d10      100%        5
 Plasma Beam              Fire/Air       0%         2x1d11    100%        6
 Summon Small Mammal      Summ           Unusable   N/A       N/A         1

Dungeon Overview and Level Annotations

Branches:
Dungeon (8/15)             Temple (1/1) D:4           Sewer (visited)
   Lair: D:8-11

Altars:
Ashenzari
Elyvilon
Fedhas
Hepliaklqana
Kikubaaqudgha
Makhleb
Nemelex Xobeh
Okawaru
Qazlal
Trog
Vehumet
Xom
Zin
The Shining One

Shops:
D:5 !

Annotations:
D:2 Terence
D:5 2 runed translucent doors, OldManVictorn's ghost, weakling GnDe


Innate Abilities, Weirdness & Mutations

You are immune to sickness and miasma.
Your stone body is resilient. (AC +6)
You are immune to poison.
You resist negative energy. (rN+)
You are resistant to electric shocks. (rElec)
You are resistant to unholy torment.
You are immune to petrification.
You have a pair of small horns on your head.
You have sharp toenails.
Your spells are a little harder to cast, but a little more powerful.


Message History

Unknown command.
Throw: 3 darts (poison)
Press: ? - help, Q - select action, (/) - cycle Shift-Dir - straight line, f - two-headed ogre
Aim: a two-headed ogre, wielding two +0 giant clubs (73% to hit)
You throw a poisoned dart.
The poisoned dart barely misses the two-headed ogre.
Unknown command.
Unknown command.
You see here a +0 pair of boots.
The two-headed ogre attacks as you move away!
The two-headed ogre hits you with a +0 giant club!!
The two-headed ogre hits you with a +0 giant club!
The two-headed ogre attacks as you move away!
The two-headed ogre hits you with a +0 giant club.
The two-headed ogre hits you with a +0 giant club!!
* * * LOW HITPOINT WARNING * * *
Things that are here:
a +0 shortbow; a centaur corpse; a hornet corpse
Okay, then.
Things that are here:
a +0 flail; a +0 chain mail; an orc skeleton You see here a +0 pair of boots.
There is an open door here.
You close the door.
A two-headed ogre opens the door.
You see here a poisoned dart.
I - 3 poisoned darts (gained 1)
The two-headed ogre hits you but does no damage.
The two-headed ogre hits you with a +0 giant club.
The two-headed ogre attacks as you move away!
The two-headed ogre hits you with a +0 giant club!
The two-headed ogre barely misses you.
Found 2 grey potions.
There is an open door here.
A cyclops comes into view.
The cyclops shouts!
The cyclops throws a large rock.
The large rock hits you!!
* * * LOW HITPOINT WARNING * * *
You see here a +0 pair of gloves.
The cyclops throws a large rock.
The large rock hits you!!
Ouch! That really hurt!
You die...

##...##.†.#
#..###...##
#..#.#'#.#
#.##...###
#.#......#
##
###..#.!##
..##
#......#
....
###..[##..#
###.@...#
###..##
....#
#......
##.C.# ##.#
#


You could see a cyclops.

Vanquished Creatures
  A hornet (D:8)
  Menkaure (D:4)
  Duvessa (D:7)
  2 ice beasts
  2 orc warriors
  3 black bears
  2 ogres
  A phantom (D:5)
  A centaur (D:8)
  A gnoll sergeant (D:5)
  2 scorpions
  Dowan (D:7)
  A killer bee (D:8)
  2 howler monkeys
  2 hounds (D:4)
  4 orc priests
  Jessica (D:3)
  An iguana (D:6)
  Natasha (thrice) (D:3)
  4 orc wizards
  8 gnolls
  5 adders
  2 river rats (D:4)
  2 shadow imps
  2 white imps
  2 dart slugs (D:3)
  22 orcs
  5 bats
  2 bat zombies (D:4)
  4 endoplasms
  19 giant cockroaches
  3 goblins (D:3)
  4 hobgoblins
  13 jackals
  9 kobolds
  6 quokkas
  8 ball pythons
  6 frilled lizards
  6 rats
  4 rat zombies (D:4)
168 creatures vanquished.

Vanquished Creatures (others)
  A kobold (D:7)
1 creature vanquished.

Grand Total: 169 creatures vanquished

Notes
Turn   | Place    | Note
-------+----------+-------------------------------------------
     0 | D:5      | dialectric the Gargoyle Delver began the quest for the Orb.
     0 | D:5      | Reached XP level 1. HP: 14/14 MP: 1/1
    50 | D:5      | Reached XP level 2. HP: 15/19 MP: 2/2
    81 | D:5      | Noticed Menkaure
   119 | D:6      | Noticed an orc warrior
   183 | D:5      | Noticed an ogre
   184 | D:5      | Found a runed translucent door.
   361 | D:5      | Noticed OldManVictorn's ghost (weakling GnDe)
   525 | D:5      | Noticed a gnoll sergeant
   537 | D:5      | Found Buoloap's Distillery.
   577 | D:4      | Noticed a gnoll sergeant
   577 | D:4      | Noticed a steam dragon
   729 | D:4      | Reached skill level 1 in Armour
   729 | D:4      | Reached XP level 3. HP: 17/24 MP: 3/3
   850 | D:4      | Found a staircase to the Ecumenical Temple.
   904 | D:4      | Found a glowing drain.
   940 | D:4      | Reached XP level 4. HP: 25/29 MP: 2/4
   958 | Sewer    | Entered a sewer
  1058 | Sewer    | Reached skill level 3 in Maces & Flails
  1202 | Sewer    | Reached XP level 5. HP: 33/33 MP: 5/5
  1348 | Temple   | Entered the Ecumenical Temple
  1418 | Temple   | Became a worshipper of Warmaster Okawaru
  1539 | D:4      | Noticed an ogre
  1549 | D:5      | Noticed a black bear
  1750 | D:3      | Noticed Natasha
  1776 | D:3      | Killed Natasha
  1777 | D:3      | Reached skill level 4 in Maces & Flails
  1777 | D:3      | Reached XP level 6. HP: 17/39 MP: 2/6
  1781 | D:3      | Noticed Jessica
  1786 | D:3      | Gained mutation: You have a pair of small horns on your
                  | head. [potion of mutation]
  1786 | D:3      | Gained mutation: Your spells are a little harder to cast,
                  | but a little more powerful. [potion of mutation]
  1786 | D:3      | Gained mutation: You have sharp toenails. [potion of
                  | mutation]
  1791 | D:3      | Killed Jessica
  1794 | D:3      | Noticed Natasha
  1894 | D:2      | Noticed Terence
  2571 | D:1      | Found a faded altar of an unknown god.
  2917 | D:3      | Killed Natasha
  3049 | D:3      | Noticed Natasha
  3076 | D:3      | Killed Natasha
  3565 | D:3      | Found a burning altar of Makhleb.
  3761 | D:4      | Reached * piety under Okawaru
  3762 | D:4      | Reached skill level 5 in Fighting
  3762 | D:4      | Reached skill level 5 in Maces & Flails
  3762 | D:4      | Reached XP level 7. HP: 16/44 MP: 2/7
  3988 | D:4      | Found an ancient bone altar of Kikubaaqudgha.
  4384 | D:5      | Reached skill level 6 in Maces & Flails
  4569 | D:6      | Found a stormy altar of Qazlal.
  4693 | D:6      | Identified the +0 leather armour "Jupop" {rN+++ Dex+2
                  | Slay-4}
  4751 | D:6      | Found a sparkling altar of Nemelex Xobeh.
  4958 | D:4      | Killed Menkaure
  4958 | D:4      | Reached ** piety under Okawaru
  4959 | D:4      | Reached skill level 7 in Maces & Flails
  4959 | D:4      | Reached XP level 8. HP: 11/49 MP: 2/8
  5368 | D:5      | Found a radiant altar of Vehumet.
  5536 | D:5      | Found a runed translucent door.
  5560 | D:5      | Reached skill level 1 in Throwing
  5668 | D:5      | Reached skill level 8 in Maces & Flails
  6084 | D:7      | Reached skill level 9 in Maces & Flails
  6235 | D:7      | Noticed Duvessa
  6250 | D:7      | Killed Duvessa
  6254 | D:7      | Noticed Dowan
  6297 | D:6      | Reached *** piety under Okawaru
  6298 | D:6      | Reached XP level 9. HP: 24/54 MP: 5/9
  6335 | D:5      | Reached skill level 10 in Maces & Flails
  6927 | D:6      | Found a hazy altar of Hepliaklqana.
  6927 | D:6      | Found a bloodstained altar of Trog.
  7128 | D:7      | Killed Dowan
  7258 | D:8      | Noticed a hornet
  7285 | D:8      | Killed a hornet
  7297 | D:8      | Reached skill level 11 in Maces & Flails
  7430 | D:8      | Noticed a two-headed ogre
  7514 | D:8      | Noticed a cyclops
  7515 | D:8      | Hit by a large rock thrown by a cyclops

Illustrated notes

Levels and vault maps discovered:
D:1:      dpeg_arrival_houses_and_road, layout_loops_ring,
          shapermc_ecumenical_altar_flowoftime, st_stairs_2,
          nrook_mini_backslash, minmay_tromino_i2
D:2:      layout_basic, serial_shops, shop, minmay_misc_feat_five, uniq_terence
D:3:      layout_basic, marbit_many_paths, uniq_natasha, uniq_jessica
D:4:      layout_basic, lemuel_zombie_altar_kikubaaqudgha,
          minmay_temple_entry_hall, portal_sewer_entry_b, lightli_corner_chamber
D:5:      layout_basic, nicolae_vehumet_altar_sigil, ebering_ghost_sewer_f,
          serial_shops, shop, roderic_malta_cross, dreamdust_princess_corridor,
          uniq_menkaure
D:6:      layout_loops_cross, grunt_qazlal_clouds,
          nemelex_xobeh_ov_fountains_minmay, gammafunk_temple_overflow_elements
D:7:      minmay_polygon_palace, layout_basic, uniq_duvessa
D:8:      minmay_slanted_spiral_squares, layout_rooms,
          minmay_fractal_squares_diagonal_5
Temple:   eino_temple_water

Skill      XL: |  1  2  3  4  5  6  7  8  9 |
---------------+----------------------------+-----
Armour         | 1 2 3 4 |  4.4
Dodging        | 2 |  2.0
Fighting       | 4 5 |  5.1
Maces & Flails | 3 4 5 7 9 11 | 11.1
Throwing       | 1 |  1.2
Stealth        | |  5.4
Evocations     | |  0.4

Action                     |  1- 3 |  4- 6 |  7- 9 || total
---------------------------+-------+-------+-------++-------
  Melee: Mace              |    68 |   309 |   212 ||   589
         Punch             |       |     1 |     4 ||     5
         Headbutt          |       |    20 |    65 ||    85
         Morningstar       |       |       |   157 ||   157
  Throw: Dart              |       |       |    24 ||    24
 Invoke: Heroism           |       |       |     1 ||     1
  Evoke: Wand              |       |       |     2 ||     2
    Use: Potion            |     4 |     2 |     5 ||    11
         Scroll            |     1 |     2 |     6 ||     9
   Stab: Sleeping          |       |    15 |     1 ||    16
 Armour: Leather armour    |     2 |       |       ||     2
         Ring mail         |    31 |   207 |   215 ||   453
         Chain mail        |       |       |    21 ||    21
  Dodge: Dodged            |    51 |   280 |   286 ||   617
